 Seeded DCSS version 0.30-a0-219-gf2db51d15e (webtiles) character file.

Game seed: 5972426716666182201 (custom seed)

35203 NinjaNoafa the Thaumaturge (level 13, -1/100 HPs)
             Began as a Grey Draconian Ice Elementalist on Oct 4, 2022.
             Was an Elder of Sif Muna.
             Slain by a death yak (6 damage)
             ... while petrified by a catoblepas
             ... on level 5 of the Lair of Beasts on Oct 7, 2022.
             The game lasted 00:52:26 (15310 turns).

NinjaNoafa the Thaumaturge (DrIE)                  Turns: 15310, Time: 00:52:26

Health: -1/100     AC: 20    Str: 10    XL:     13   Next: 46%
Magic:  11/26      EV:  2    Int: 24    God:    Sif Muna [****..]
Gold:   873        SH:  0    Dex: 15    Spells: 2/31 levels left

rFire   + . .      SeeInvis .    w - +7 dagger of the Six Eyes {vorpal, rF+ rN+ Dex+4}
rCold   + . .      Faith    .    I - +3 buckler
rNeg    + + +      Spirit   .    (body armour unavailable)
rPois   ∞          Reflect  .    h - +1 hat of Kleptomania {rPois rN+ Regen+}
rElec   .          Harm     .    P - +1 cloak "Qieg" {rF+}
rCorr   .          Rampage  .    y - +2 pair of gloves
Will    .....                    D - +0 pair of boots
Stlth   +++.......               F - amulet of the acrobat
HPRegen 1.16/turn                g - ring of ice
MPRegen 0.20/turn                S - ring of wizardry

@: petrified, studying 2 skills
A: AC +13, amphibious, unfitting armour, cold-blooded, clever 1
a: Renounce Religion, Channel Magic, Forget Spell, Divine Exegesis


You were on level 5 of the Lair of Beasts.
You worshipped Sif Muna.
Sif Muna was greatly pleased with you.
You visited 3 branches of the dungeon, and saw 16 of its levels.
You also visited: Sewer and Bailey.

You collected 873 gold pieces.

Inventory:

Hand Weapons
 w - the +7 dagger of the Six Eyes (weapon) {vorpal, rF+ rN+ Dex+4}
   (You found it on level 3 of the Dungeon)

   It inflicts extra damage upon your enemies.
   Dex:       It affects your dexterity (+4).
   rF:        It protects you from fire.
   rN:        It protects you from negative energy.
Missiles
 e - 5 boomerangs
 f - 139 stones
 l - 6 javelins
 q - 2 curare-tipped darts
 x - 10 poisoned darts
 G - a throwing net
Armour
 h - the +1 hat of Kleptomania (worn) {rPois rN+ Regen+}
   (You acquired it in a sewer)

   rPois:     It protects you from poison.
   rN:        It protects you from negative energy.
   Regen:     It increases your rate of health regeneration.
 y - a +2 pair of gloves (worn)
 D - a +0 pair of boots (worn)
 I - a +3 buckler (worn)
 P - the +1 cloak "Qieg" (worn) {rF+}
   (You found it on level 2 of the Lair of Beasts)

   rF:        It protects you from fire.
Jewellery
 g - a ring of ice (left hand)
 p - a ring of magical power
 C - a +4 ring of evasion
 F - an amulet of the acrobat (around neck)
 Q - a +6 ring of dexterity
 S - a ring of wizardry (right hand)
Wands
 c - a wand of polymorph (4)
 j - a wand of roots (5)
 o - a wand of digging (12)
 v - a wand of light (21)
 A - a wand of paralysis (10)
 K - a wand of mindburst (22)
 M - a wand of flame (6)
Scrolls
 b - 2 scrolls of amnesia
 d - 2 scrolls of torment
 s - 2 scrolls of magic mapping
 B - a scroll of brand weapon
 E - 2 scrolls of enchant weapon
 N - 4 scrolls of identify
 R - a scroll of vulnerability
Potions
 i - 5 potions of degeneration
 k - 9 potions of curing
 n - 4 potions of lignification
 r - 3 potions of might
 t - 5 potions of attraction
 u - a potion of mutation
 z - 4 potions of flight
 H - a potion of brilliance
 J - 5 potions of haste
 O - a potion of resistance


   Skills:
 - Level 5.0 Fighting
 - Level 5.0 Short Blades
 - Level 5.0 Dodging
 - Level 5.0 Stealth
 - Level 7.0 Shields
 + Level 9.8 Spellcasting
 - Level 2.0 Conjurations
 - Level 7.1 Hexes
 - Level 7.1 Summonings
 - Level 9.0 Translocations
 - Level 9.0 Ice Magic
 - Level 7.0 Invocations
 - Level 5.0 Evocations


You had 2 spell levels left.
You knew the following spells:

 Your Spells              Type           Power      Damage    Failure   Level
a - Freeze                Ice            100%       1d11      1%          1
b - Frozen Ramparts       Ice            100%       1d16      1%          3
c - Ozocubu's Armour      Ice            70%        N/A       1%          3
d - Ensorcelled Hibernat  Hex/Ice        100%       N/A       1%          2
e - Gell's Gravitas       Tloc           53%        N/A       1%          3
f - Lesser Beckoning      Tloc           100%       N/A       1%          3
g - Teleport Other        Tloc           53%        N/A       1%          3
h - Slow                  Hex            100%       N/A       1%          1
i - Confusing Touch       Hex            46%        N/A       1%          3
j - Summon Ice Beast      Ice/Summ       66%        N/A       1%          4
k - Hailstorm             Conj/Ice       55%        3d12      1%          3

Your spell library contained the following spells:

 Spells                   Type           Power      Damage    Failure   Level
 Magic Dart               Conj           84%        1d7       1%          1
 Call Imp                 Summ           46%        N/A       1%          2
 Searing Ray              Conj           42%        2d6       1%          2
 Static Discharge         Conj/Air       32%        2-4/arc   2%          2
 Summon Forest            Summ/Tloc      25%        N/A       2%          5
 Summon Mana Viper        Hex/Summ       46%        N/A       4%          5
 Mephitic Cloud           Conj/Pois/Air  15%        N/A       6%          3
 Anguish                  Hex/Necr       14%        N/A       6%          4
 Leda's Liquefaction      Hex/Erth       14%        N/A       6%          4
 Spider Form              Tmut/Pois      11%        N/A       9%          3
 Vampiric Draining        Necr           11%        2d6       9%          3
 Summon Cactus Giant      Summ           23%        N/A       22%         6
 Fireball                 Conj/Fire      8%         3d6       43%         5
 Blade Hands              Tmut           5%         N/A       56%         5
 Lee's Rapid Deconstruct  Erth           5%         3d7*      56%         5
 Summon Hydra             Summ           23%        N/A       73%         7
 Iron Shot                Conj/Erth      8%         9d3       93%         6
 Eringya's Noxious Bog    Tmut/Pois      5%         N/A       98%         6
 Statue Form              Tmut/Erth      7%         N/A       98%         6
 Dragon Form              Tmut           5%         N/A       100%        7
 Animate Armour           Summ/Erth      Unusable   N/A       N/A         4

Dungeon Overview and Level Annotations

Branches:
Dungeon (10/15)            Temple (1/1) D:6            Lair (5/5) D:9
 Shoals (0/4) Lair:2       Spider (0/4) Lair:2        Slime (0/5) Lair:4
    Orc (0/2) D:9           Sewer (visited)          Bailey (visited)

Altars:
Ashenzari
Cheibriados
Dithmenos
Elyvilon
Fedhas
Gozag
Hepliaklqana
Kikubaaqudgha
Makhleb
Nemelex Xobeh
Qazlal
Ru
Sif Muna
Trog
Uskayaw
Vehumet
Wu Jian
Yredelemnul
Zin
The Shining One
Jiyva

Shops:
D:7 *

Annotations:
Lair:3 exclusion: orange crystal statue


Innate Abilities, Weirdness & Mutations

Your dull iron-grey scales are very hard. (AC +13)
You are amphibious.
You cannot fit into any form of body armour.
You are cold-blooded and may be slowed by cold attacks.
Your mind is acute. (Int +4, Str/Dex -1)


Message History

You are engulfed in calcifying dust.
You are slowing down.
The death yak gores you!! The death yak gores you!
The catoblepas completely misses you.
Your limbs are stiffening.
You completely miss the death yak.
The death yak gores you but does no damage. x2
The catoblepas barely misses you.
The death yak gores you but does no damage.
The death yak gores you.
You have turned to stone.
The catoblepas gores you. The death yak gores you.
The death yak gores you but does no damage.
The catoblepas gores you but does no damage.
The death yak gores you! The death yak gores you!!
The catoblepas gores you but does no damage.
The death yak gores you!! The death yak gores you!
The catoblepas gores you but does no damage.
The death yak gores you but does no damage.
The death yak gores you. The catoblepas gores you!! The death yak gores you!
The death yak completely misses you.
The catoblepas gores you but does no damage.
The death yak gores you! The death yak gores you. The catoblepas gores you!!
* * * LOW HITPOINT WARNING * * *
The death yak gores you but does no damage.
The death yak gores you!
* * * LOW HITPOINT WARNING * * *
The catoblepas breathes a plume of calcifying dust at you.
The blast of calcifying dust hits you.
* * * LOW HITPOINT WARNING * * *
The death yak gores you but does no damage.
The death yak gores you!
* * * LOW HITPOINT WARNING * * *
You are engulfed in calcifying dust.
Your hands stop glowing.
The catoblepas gores you!!
* * * LOW HITPOINT WARNING * * *
The death yak gores you!
You die...

.....###......### ....##
##......# ....#
##...###PP#
...####...####### . ...#
#...###.### .8 ...#
#..##.....## ...
...###......#...### ..#
..###......##P..YY###..#
..# ##....####..@YY...#
..# ##.### #.###†..##
..# ### #..# ##...# ..##
#..## ..## ...# ...# ..#
...# .... #.. ...# .##.
##. ..<# .. †.†# Y.


You could see 2 death yaks, a catoblepas and a yak.

Vanquished Creatures
  2 hydras
  Amaemon (D:9)
  A lindwurm (Lair:1)
  2 manticores (Lair:5)
  4 black mambas
  8 elephants
  12 cane toads
  An orange demon (D:9)
  Maggie (D:6)
  A kobold demonologist (D:8)
  2 rime drakes
  Psyche (D:9)
  9 komodo dragons
  A polar bear (Lair:4)
  A troll (D:9)
  A hornet (D:9)
  10 blink frogs (Lair:5)
  A snapping turtle (Lair:2)
  43 yaks
  5 wyverns
  3 basilisks
  2 redbacks (Lair:2)
  An acid dragon (D:7)
  3 water moccasins
  9 orc warriors
  A sky beast (D:7)
  2 ice beasts
  2 black bears
  10 centaurs
  An ogre (D:5)
  14 wolves
  2 kobold brigands (Sewer)
  A gnoll sergeant (D:7)
  16 bullfrogs
  5 scorpions
  3 wights (D:8)
  6 electric eels
  8 howler monkeys
  2 gnoll boudas
  4 jellies
  4 orc priests
  3 hounds (D:5)
  4 iguanas
  Terence (D:2)
  Ijyb (D:5)
  11 orc wizards
  6 hell rats (Lair:2)
  7 adders
  9 gnolls
  3 river rats (Sewer)
  3 white imps
  2 worms (D:3)
  A dart slug (D:2)
  47 orcs
  9 ball pythons
  5 endoplasms
  A giant cockroach (D:1)
  6 goblins
  4 hobgoblins
  5 jackals
  5 quokkas
  4 bats (D:1)
  6 frilled lizards
  13 kobolds
  12 rats
374 creatures vanquished.

Vanquished Creatures (collateral kills)
  The ghost of ragingrage the Stormcaller, a journeyman TeAE of Vehumet (Lair:5)
  2 hydras
  A catoblepas (Lair:5)
  An elephant (Lair:4)
  A rime drake (Lair:4)
  2 yaks (Lair:4)
  A basilisk (Lair:5)
  2 water moccasins (Lair:5)
11 creatures vanquished.

Vanquished Creatures (others)
  A yak (Lair:5)
  39 fungi
  77 plants
117 creatures vanquished.

Grand Total: 502 creatures vanquished

Notes
Turn   | Place    | Note
-------+----------+-------------------------------------------
     0 | D:1      | NinjaNoafa the Draconian Ice Elementalist began the quest
                  | for the Orb.
     0 | D:1      | Reached XP level 1. HP: 14/14 MP: 3/3
   295 | D:1      | Reached XP level 2. HP: 20/20 MP: 1/5
   718 | D:1      | Reached skill level 5 in Ice Magic
  1016 | D:1      | Reached XP level 3. HP: 26/26 MP: 4/6
  1077 | D:1      | Found a faded altar of an unknown god.
  1225 | D:2      | Noticed Terence
  1232 | D:2      | Gained mutation: You have hidden genetic potential. [potion
                  | of mutation]
  1232 | D:2      | Gained mutation: You sometimes lose your temper in combat.
                  | [potion of mutation]
  1232 | D:2      | Gained mutation: Your tail ends in a venomous barb. [potion
                  | of mutation]
  1252 | D:2      | Killed Terence
  1338 | D:2      | Identified the +5 ring mail "Qaguoh" {Harm rF+ Str-5 Dex+6}
  1594 | D:2      | Reached XP level 4. HP: 33/33 MP: 5/7
  1737 | D:2      | Gained mutation: You expend magic power (3 MP) to
                  | strengthen your wands. [hidden potential]
  2327 | D:3      | Learned a level 3 spell: Frozen Ramparts
  2331 | D:3      | Learned a level 3 spell: Ozocubu's Armour
  2676 | D:3      | Identified the +7 dagger of the Six Eyes {vorpal, rF+ rN+
                  | Dex+4}
  3006 | D:4      | Reached XP level 5. HP: 26/38 MP: 5/8
  3025 | D:4      | Gained mutation: You are agile. (Dex +4, Str/Int -1)
                  | [hidden potential]
  3025 | D:4      | Lost mutation: You have hidden genetic potential. [hidden
                  | potential expressed]
  3320 | D:4      | Noticed a black bear
  3326 | D:4      | Killed a black bear
  3327 | D:4      | Reached XP level 6. HP: 45/45 MP: 8/10
  3330 | D:4      | Learned a level 2 spell: Ensorcelled Hibernation
  3839 | D:5      | Entered Level 5 of the Dungeon
  3968 | D:5      | Reached skill level 1 in Short Blades
  3969 | D:5      | Found a glowing drain.
  3982 | Sewer    | Entered a sewer
  4105 | Sewer    | Identified 2 scrolls of acquirement
  4105 | Sewer    | Acquired a ring of magical power
  4108 | Sewer    | Acquired the +1 hat of Kleptomania {rPois rN+ Regen+}
  4218 | Sewer    | Your scales start taking on a dull iron-grey colour.
  4218 | Sewer    | Reached XP level 7. HP: 50/55 MP: 11/11
  4257 | Sewer    | Found a white marble altar of Elyvilon.
  4337 | D:5      | Noticed Ijyb
  4344 | D:5      | Killed Ijyb
  4345 | D:5      | Reached skill level 1 in Hexes
  4760 | D:5      | Reached skill level 5 in Translocations
  4871 | D:5      | Identified the +1 robe of Zuocor {Str+7 Dex-3}
  4891 | D:5      | Reached XP level 8. HP: 61/61 MP: 12/12
  5124 | D:6      | Found a staircase to the Ecumenical Temple.
  5124 | D:6      | Noticed Maggie
  5182 | Temple   | Entered the Ecumenical Temple
  5183 | Temple   | Lost mutation: Your tail ends in a venomous barb. [potion
                  | of mutation]
  5183 | Temple   | Lost mutation: You are agile. (Dex +4, Str/Int -1) [potion
                  | of mutation]
  5183 | Temple   | Lost mutation: You sometimes lose your temper in combat.
                  | [potion of mutation]
  5183 | Temple   | Gained mutation: You are clumsy. (Dex -2) [potion of
                  | mutation]
  5183 | Temple   | Gained mutation: You passively map a small area around you.
                  | [potion of mutation]
  5184 | Temple   | Lost mutation: You expend magic power (3 MP) to strengthen
                  | your wands. [potion of mutation]
  5184 | Temple   | Lost mutation: You are clumsy. (Dex -2) [potion of
                  | mutation]
  5184 | Temple   | Lost mutation: You passively map a small area around you.
                  | [potion of mutation]
  5184 | Temple   | Gained mutation: Your mind is acute. (Int +4, Str/Dex -1)
                  | [potion of mutation]
  5189 | Temple   | Learned a level 3 spell: Gell's Gravitas
  5305 | Temple   | Became a worshipper of Sif Muna the Loreminder
  5349 | D:6      | Killed Maggie
  6380 | D:7      | Noticed a +0 dagger
  6380 | D:7      | Noticed a +0 hand axe
  6383 | D:7      | Found a hide-covered altar of Uskayaw.
  6406 | D:7      | Reached skill level 5 in Spellcasting
  6406 | D:7      | Reached skill level 1 in Invocations
  6406 | D:7      | Reached XP level 9. HP: 59/67 MP: 16/16
  6518 | D:7      | Found Vuschasta's Elemental Accessories.
  6531 | D:7      | Found an ancient bone altar of Kikubaaqudgha.
  6598 | D:7      | Found a flagged portal.
  6607 | Bailey   | Entered a bailey
  6633 | Bailey   | Reached * piety under Sif Muna
  6872 | Bailey   | Reached skill level 5 in Invocations
  7221 | Bailey   | Reached ** piety under Sif Muna
  7290 | D:7      | Learned a level 3 spell: Lesser Beckoning
  7294 | D:7      | Learned a level 3 spell: Teleport Other
  7762 | D:7      | Reached XP level 10. HP: 67/73 MP: 18/18
  7944 | D:7      | Learned a level 1 spell: Slow
  8291 | D:8      | Reached skill level 1 in Summonings
  8305 | D:8      | Noticed a sixfirhy
  8309 | D:8      | Reached skill level 1 in Evocations
  8614 | D:9      | Noticed Psyche
  8625 | D:9      | Killed Psyche
  8641 | D:9      | Reached *** piety under Sif Muna
  8663 | D:9      | Found a white marble altar of Elyvilon.
  9074 | D:9      | Found a basalt altar of Yredelemnul.
  9152 | D:9      | Found a staircase to the Lair.
  9233 | D:9      | Reached skill level 5 in Shields
  9327 | D:9      | Noticed Amaemon
  9327 | D:9      | Noticed an orange demon
  9344 | D:9      | Killed an orange demon
  9345 | D:9      | Reached skill level 5 in Short Blades
  9345 | D:9      | Reached XP level 11. HP: 67/82 MP: 15/20
  9349 | D:9      | Killed Amaemon
  9474 | D:9      | Found a staircase to the Orcish Mines.
  9496 | D:10     | Entered Level 10 of the Dungeon
  9560 | Lair:1   | Entered Level 1 of the Lair of Beasts
 10006 | Lair:1   | Reached skill level 5 in Summonings
 10027 | Lair:1   | Reached skill level 5 in Hexes
 10027 | Lair:1   | Upgraded the game from 0.30-a0-210-g01b79a254e to
                  | 0.30-a0-218-gedb9141078
 10031 | Lair:1   | Learned a level 3 spell: Confusing Touch
 10313 | Lair:1   | Reached skill level 5 in Dodging
 10458 | Lair:1   | Noticed a lindwurm
 10474 | Lair:1   | Killed a lindwurm
 10680 | Lair:2   | Reached **** piety under Sif Muna
 10926 | Lair:2   | Found a staircase to the Shoals.
 11134 | Lair:2   | Reached XP level 12. HP: 89/89 MP: 22/24
 11150 | Lair:2   | Learned a level 4 spell: Summon Ice Beast
 11385 | Lair:2   | Found a hole to the Spider Nest.
 11500 | Lair:2   | Identified the +1 cloak "Qieg" {rF+}
 12006 | Lair:3   | Noticed a five-headed hydra
 12015 | Lair:3   | Killed a five-headed hydra
 12174 | Lair:3   | Noticed a seven-headed hydra
 12335 | Lair:3   | Reached skill level 5 in Fighting
 12441 | Lair:3   | Killed a seven-headed hydra
 12605 | Lair:3   | Upgraded the game from 0.30-a0-218-gedb9141078 to
                  | 0.30-a0-219-gf2db51d15e
 12846 | Lair:3   | Identified the +1 chain mail "Qonyim" {Drain Fly rElec
                  | Will++}
 12855 | Lair:3   | Noticed a five-headed hydra
 13210 | Lair:4   | Noticed a six-headed hydra
 13225 | Lair:4   | Killed a six-headed hydra
 13330 | Lair:4   | Found a staircase to the Slime Pits.
 13331 | Lair:4   | Found a viscous altar of Jiyva.
 13544 | Lair:4   | Reached ***** piety under Sif Muna
 13546 | Lair:4   | Received a gift from Sif Muna
 13573 | Lair:4   | Reached skill level 5 in Stealth
 13573 | Lair:4   | Reached XP level 13. HP: 87/100 MP: 18/26
 13589 | Lair:4   | Got Sif Muna's Papyrus of Forceful Transmigration {god
                  | gift}
 13596 | Lair:4   | Learned a level 3 spell: Hailstorm
 14233 | Lair:5   | Entered Level 5 of the Lair of Beasts
 14544 | Lair:5   | Reached skill level 1 in Conjurations
 14657 | Lair:5   | Found a runed translucent door.
 14664 | Lair:5   | Noticed ragingrage's ghost (journeyman TeAE)
 14675 | Lair:5   | Killed ragingrage's ghost
 15287 | Lair:5   | Reached skill level 5 in Evocations
 15310 | Lair:5   | HP: 5/100 [catoblepas (12)]
 15310 | Lair:5   | Slain by a death yak

Illustrated notes

Levels and vault maps discovered:
D:1:      roderic_octagonal_star, layout_loops_ring,
          hellmonk_ecumenical_altar_arch_garden, minmay_door_square
D:2:      layout_loops_ring, uniq_terence
D:3:      minmay_spotlight, layout_loops_cross, grunt_decor_clamped
D:4:      layout_basic, hangedman_abyss_or_decor_lesser_grid
D:5:      cheibrodos_barr_body, layout_loops_ring, portal_sewer_entry_c,
          minmay_misc_feat_encased, uniq_ijyb
D:6:      layout_basic, temple_pool_b, uniq_maggie
D:7:      layout_loops_ring, dancing_weapons_uskayaw, lemuel_crystal_altar,
          serial_bayou, serial_bayou_ford_a, serial_bayou_pond_d,
          serial_bayou_shore_a, serial_bayou_pond_b, enter_bailey_1,
          nicolae_elemental_shop
D:8:      layout_rooms
D:9:      layout_roguey, kennysheep_ying_yang, david_lair_shrubbed, orc_0_dummy,
          uniq_amaemon, uniq_psyche
D:10:     layout_cave_pods, jmf_multi_god_temple
Temple:   kb_temple_of_zot
Lair:1:   layout_loops_ring, nicolae_volcano_entry_vermiform
Lair:2:   layout_regular_city, minmay_shoals_entry_hut, spider_nest_entry_webs,
          st_stairs_11, serial_bayou_shore_b
Lair:3:   statuecave_lemuel, layout_misc_corridors,
          chequers_serial_rivers_micro_c, infiniplex_staircase_pool_2,
          lemuel_fruit_tree
Lair:4:   layout_loops_ring, slime_entry_1
Lair:5:   evilmike_catoblepas_cave, layout_regular_city,
          ebering_ghost_reflecting_pool, minivault_19

Skill      XL: |  1  2  3  4  5  6  7  8  9 10 11 12 13 |
---------------+----------------------------------------+-----
Ice Magic      | 5 6 7 8 9 |  9.0
Spellcasting   | 3 5 6 8 9 |  9.8
Short Blades   | 3 5 |  5.0
Fighting       | 2 3 5 |  5.0
Hexes          | 1 3 5 6 7 |  7.1
Translocations | 5 7 8 9 |  9.0
Dodging        | 3 5 |  5.0
Invocations    | 1 7 |  7.0
Summonings     | 3 5 7 |  7.1
Evocations     | 3 5 |  5.0
Shields        | 5 7 |  7.0
Stealth        | 3 5 |  5.0
Conjurations   | 2 |  2.0

Action                   |  1- 3 |  4- 6 |  7- 9 | 10-12 | 13-15 || total
-------------------------+-------+-------+-------+-------+-------++-------
Melee: Unarmed           |    15 |       |       |       |       ||    15
       Short sword       |    21 |     3 |       |       |       ||    24
       Tailslap          |     3 |     1 |    45 |    80 |    13 ||   142
       Dagger            |       |    28 |   234 |   403 |    83 ||   748
       Punch             |       |       |     4 |     1 |       ||     5
       Staff             |       |       |       |     3 |       ||     3
Throw: Dart              |       |     3 |       |       |       ||     3
       Javelin           |       |       |     2 |       |     6 ||     8
       Boomerang         |       |       |       |       |     3 ||     3
 Cast: Freeze            |    51 |    40 |    36 |    65 |    45 ||   237
       Frozen Ramparts   |       |     7 |    24 |    36 |    10 ||    77
       Ozocubu's Armour  |       |     2 |     9 |    20 |     6 ||    37
       Ensorcelled Hiber |       |     3 |    13 |    49 |    12 ||    77
       Gell's Gravitas   |       |       |    12 |    20 |     9 ||    41
       Teleport Other    |       |       |     2 |     6 |     4 ||    12
       Slow              |       |       |       |    26 |     3 ||    29
       Confusing Touch   |       |       |       |     9 |     3 ||    12
       Lesser Beckoning  |       |       |       |     1 |     1 ||     2
       Summon Ice Beast  |       |       |       |     8 |     8 ||    16
       Hailstorm         |       |       |       |       |    12 ||    12
Invok: Channel Magic     |       |       |       |     1 |       ||     1
Evoke: Wand              |       |       |     4 |     8 |     2 ||    14
  Use: Potion            |     1 |     1 |     9 |     5 |     1 ||    17
       Scroll            |       |     6 |    22 |    10 |     3 ||    41
 Stab: Sleeping          |     1 |     6 |    10 |    23 |     3 ||    43
       Paralysed         |       |       |     3 |       |       ||     3
       Confused          |       |       |       |     7 |       ||     7
       Distracted        |       |       |       |       |     1 ||     1
Armor: Skin              |    39 |    21 |   281 |   363 |   158 ||   862
Dodge: Dodged            |    47 |    62 |   362 |   393 |   167 ||  1031
Block: Buckler           |       |       |       |   201 |   109 ||   310

Table legend: (Time is in decaauts)
 A = Elapsed time spent in this place.
 B = Non-inter-level travel time spent in this place.
 C = Inter-level travel time spent in this place.
 D = Time resting spent in this place.
 E = Time spent auto-exploring this place.
 F = Levels seen in this place.
 G = Mean time per level.
                   A        B        C        D        E       F      G
               +--------+--------+--------+--------+--------+-----+--------+
         Total |  15201 |  14665 |    536 |      0 |  11475 |  18 |  844.5 |
       Dungeon |   8406 |   8022 |    384 |      0 |   6522 |  10 |  840.6 |
        Temple |    143 |     98 |     45 |      0 |     80 |   1 |  143.0 |
          Lair |   5679 |   5572 |    107 |      0 |   4314 |   5 | 1135.8 |
         Sewer |    342 |    342 |      0 |      0 |    241 |   1 |  342.0 |
        Bailey |    628 |    628 |      0 |      0 |    318 |   1 |  628.0 |
               +--------+--------+--------+--------+--------+-----+--------+

Top non-repeatable levels by time:
  Lair:2: 1469 daAuts
     D:1: 1144 daAuts
     D:7: 1090 daAuts
  Lair:4: 1085 daAuts
  Lair:5: 1072 daAuts
  Lair:3: 1026 daAuts
  Lair:1: 1025 daAuts
     D:5: 978 daAuts
     D:6: 955 daAuts
     D:9: 940 daAuts
     D:4: 903 daAuts
     D:2: 896 daAuts
     D:3: 892 daAuts
  Bailey: 628 daAuts
     D:8: 602 daAuts
